 Dungeon Crawl Stone Soup version 0.31-a0-261-g072fdb8a1f (webtiles) character file.

Game seed: 10762569831330577010

1829 qw the Skirmisher (level 9, -4/56 HPs)
             Began as a Gargoyle Hexslinger on July 13, 2023.
             Slain by an ogre
             ... wielding a +0 giant spiked club
              (25 damage)
             ... on level 5 of the Dungeon.
             The game lasted 00:02:32 (4479 turns).

qw the Skirmisher (Gargoyle Hexslinger)             Turns: 4479, Time: 00:02:33

Health: -4/56      AC: 10    Str:  7    XL:     9   Next: 11%
Magic:  10/10      EV: 12    Int: 20    God:
Gold:   276        SH:  5    Dex: 16    Spells: 9/10 levels left

rFire   + . .        i - +0 orcbow
rCold   . . .        (shield currently unavailable)
rNeg    + . .        n - +0 robe {rF+}
rPois   inf          (no helmet)
rElec   +            h - +0 cloak
rCorr   .            b - +0 pair of gloves
SInv    +            (no boots)
Will    .....        a - amulet "Asuid" {Reflect Str-5 Int+6 SH+5}
Stlth   +            d - ring of see invisible
HPRegen 0.29/turn    (no ring)
MPRegen 0.12/turn

%: reflection
@: no status effects
A: sickness immunity, AC +6, negative energy resistance 1, electricity
resistance, torment resistance 1, petrification resistance
a: no special abilities


You were on level 5 of the Dungeon.
You visited 2 branches of the dungeon, and saw 7 of its levels.
You also visited: Sewer.

You collected 276 gold pieces.


Innate Abilities, Weirdness & Mutations

You are immune to sickness and miasma.
Your stone body is resilient. (AC +6)
You are immune to poison.
You resist negative energy. (rN+)
You are resistant to electric shocks. (rElec)
You are resistant to unholy torment.
You are immune to petrification.


   Skills:
 - Level 6.4 Fighting
 + Level 9.6 Ranged Weapons
 - Level 2.5 Armour
 - Level 2.1 Dodging
 - Level 1.0 Spellcasting
 - Level 2.6 Hexes


You had 9 spell levels left.
You knew the following spells:

 Your Spells              Type           Power      Damage    Failure   Level
a - Slow                  Hex            44%        N/A       6%          1

Your spell library contained the following spells:

 Spells                   Type           Power      Damage    Failure   Level
 Inner Flame              Hex/Fire       6%         N/A       30%         3
 Portal Projectile        Hex/Tloc       12%        N/A       30%         3
 Cause Fear               Hex            5%         N/A       50%         4

Inventory:

Hand Weapons
 i - a +0 orcbow (weapon)
Armour
 b - a +0 pair of gloves (worn)
 h - a +0 cloak (worn)
 k - a +0 ring mail
 n - a +0 robe of fire resistance (worn)
Jewellery
 a - the amulet "Asuid" (around neck) {Reflect Str-5 Int+6 SH+5}
   (You acquired it on level 1 of the Dungeon)

   [amulet of reflection]

   It reflects blocked missile attacks.
   Str:       It affects your strength (-5).
   Int:       It affects your intelligence (+6).
   SH:        It affects your SH (+5).
 d - a ring of see invisible (left hand)
Scrolls
 l - a scroll of identify
Potions
 c - a potion of resistance
 e - a potion of cancellation {unknown}
 f - a potion of might {unknown}
 g - a potion of heal wounds
 j - a potion of attraction {unknown}

Dungeon Overview and Level Annotations

Branches:
Dungeon (6/15)             Temple (1/1) D:4           Sewer (visited)

Altars:
Ashenzari
Elyvilon
Fedhas
Gozag
Makhleb
Nemelex Xobeh
Qazlal
Ru
Trog
Uskayaw
Vehumet
Yredelemnul
The Shining One

Shops:
D:3 (


Message History

c - a potion of resistance;
4466 ||| IDENTIFYING white potion Done exploring.
(D) Dungeon (T) Temple
Where to? (* - list waypoints, Enter - D:6, ? - help)
What level of the Dungeon? (default 1, ? - help)
You climb downwards.
The ogre barely misses you.
There is a stone staircase leading up here.
There are monsters nearby!
You shoot an arrow. The arrow barely misses the ogre.
The ogre hits you with a +0 giant spiked club!!
4470 ||| STAIRDANCE The sky beast misses you.
You climb upwards.
There is a stone staircase leading down here.
You shoot an arrow. The arrow hits the sky beast!
The sky beast is heavily wounded.
The sky beast flickers out of sight for a moment.
The sky beast hits you but does no damage.
The ogre misses you.
You shoot an arrow. The arrow hits the sky beast.
The sky beast is heavily wounded.
You block the sky beast's attack.
The ogre hits you with a +0 giant spiked club!
You shoot an arrow. The arrow barely misses the sky beast.
The sky beast hits you. The sky beast shocks you. You resist.
The ogre barely misses you. The sky beast barely misses you.
You shoot an arrow. The arrow closely misses the sky beast.
The sky beast closely misses you.
You shoot an arrow. The arrow hits the sky beast!
The sky beast is severely wounded.
The ogre completely misses you. The sky beast closely misses you.
You shoot an arrow. The arrow barely misses the sky beast.
The sky beast hits you but does no damage.
The ogre misses you.
You shoot an arrow. The arrow barely misses the sky beast.
The sky beast hits you but does no damage.
You shoot an arrow. The arrow hits the sky beast.
The sky beast is almost dead.
The ogre hits you with a +0 giant spiked club!!
You die...

_.....# #..##.##.##.####
....#.#######
#..###..###..#
...##.......# #..# ####
#### ..##........# #..#
.###........###..#########
.)...#......##...........#
######......'.....[......#
#......#..YO........#
#......#...@#########
#......###### #......#
#......# ########


You could see a sky beast (invisible) and an ogre.

Vanquished Creatures
  A steam dragon (D:6)
  A water moccasin (Sewer)
  An orc warrior (D:6)
  An ice beast (D:5)
  A sky beast (D:4)
  A black bear (D:6)
  A phantom (D:5)
  A kobold brigand (D:4)
  Blork the orc (D:5)
  A bullfrog (D:4)
  5 scorpions
  4 wights (D:6)
  3 hounds
  4 iguanas
  An orc wizard (D:6)
  9 adders
  2 white imps (D:5)
  2 ufetubi (D:6)
  4 worms
  7 dart slugs
  8 orcs
  7 ball pythons
  4 bats
  6 endoplasms
  6 giant cockroaches
  5 goblins
  7 hobgoblins
  13 jackals
  2 quokkas
  8 kobolds
  5 rats
122 creatures vanquished.

Notes
Turn   | Place    | Note
-------+----------+-------------------------------------------
     0 | D:1      | qw the Gargoyle Hexslinger began the quest for the Orb.
     0 | D:1      | Reached XP level 1. HP: 12/12 MP: 2/2
     0 | D:1      | 0 ||| qw: Version: 0.3-a-52-g30416fa
     0 | D:1      | 0 ||| qw: Game counter: 7024
     0 | D:1      | 0 ||| qw: Melee chars always use a shield: true
     0 | D:1      | 0 ||| qw: God list: Okawaru
     0 | D:1      | 0 ||| qw: Allow faded altars: false
     0 | D:1      | 0 ||| qw: Do Orc after clearing Dungeon:15 true
     0 | D:1      | 0 ||| qw: Do second Lair branch before Depths: true
     0 | D:1      | 0 ||| qw: Lair rune preference: random
     0 | D:1      | 0 ||| qw: Goals: Normal
     0 | D:1      | 0 ||| PLANNING D:1-11
     6 | D:1      | 6 ||| READING scroll labelled SUFUES YSTRETAINK.
     7 | D:1      | 7 ||| DROPPING scroll of poison.
    61 | D:1      | HP: 3/12 [jackal (1)]
    64 | D:1      | Reached XP level 2. HP: 5/16 MP: 3/3
   277 | D:1      | Reached skill level 3 in Ranged Weapons
   641 | D:1      | Reached XP level 3. HP: 21/21 MP: 4/4
   678 | D:1      | 678 ||| READING scroll labelled TEHOCA YHUUL.
   679 | D:1      | 679 ||| READING scroll labelled QOCZETOREWIN.
   679 | D:1      | Identified a scroll of acquirement
   679 | D:1      | 679 ||| ACQUIRING amulet "Asuid" {Reflect Str-5 Int+6 SH+5}
   679 | D:1      | Acquired the amulet "Asuid" {Reflect Str-5 Int+6 SH+5}
   681 | D:1      | 681 ||| UPGRADING to amulet "Asuid" {Reflect Str-5 Int+6
                  | SH+5}.
   686 | D:1      | 686 ||| READING scroll labelled PUYFOIGOIF.
   905 | D:2      | 905 ||| READING scroll of brand weapon.
   905 | D:2      | 905 ||| BRANDING +1 sling of flaming.
   958 | D:2      | 958 ||| Stepping ~*~*~tactically~*~*~ (water).
   960 | D:2      | 960 ||| Stepping ~*~*~tactically~*~*~ (water).
   962 | D:2      | 962 ||| Stepping ~*~*~tactically~*~*~ (water).
   964 | D:2      | 964 ||| Stepping ~*~*~tactically~*~*~ (water).
   974 | D:2      | Found a faded altar of an unknown god.
  1428 | D:2      | 1428 ||| UPGRADING to +0 cloak.
  1433 | D:2      | 1433 ||| READING scroll labelled TABROGO HORISE.
  1434 | D:2      | 1434 ||| READING scroll labelled COIJIERAXIOS.
  1470 | D:3      | Found Xaxiustu's Weapon Shop.
  1526 | D:3      | Reached XP level 4. HP: 26/26 MP: 5/5
  1550 | D:3      | Reached skill level 4 in Ranged Weapons
  2127 | D:3      | 2127 ||| UPGRADING to ring of see invisible.
  2157 | D:4      | 2157 ||| PLANNING SEWER
  2228 | D:4      | Found a staircase to the Ecumenical Temple.
  2235 | D:4      | Reached XP level 5. HP: 30/30 MP: 6/6
  2295 | D:4      | Reached skill level 5 in Ranged Weapons
  2326 | D:4      | Reached skill level 3 in Fighting
  2348 | D:4      | Noticed a sky beast
  2349 | D:4      | 2349 ||| FLEEEEING.
  2350 | D:4      | 2350 ||| FLEEEEING.
  2482 | D:4      | 2482 ||| Stepping ~*~*~tactically~*~*~ (water).
  2498 | D:4      | Killed a sky beast
  2499 | D:4      | Reached XP level 6. HP: 35/37 MP: 7/7
  2512 | D:4      | Found a stormy altar of Qazlal.
  2536 | D:4      | Reached skill level 6 in Ranged Weapons
  2760 | D:4      | Found a glowing drain.
  2762 | D:4      | 2762 ||| Stepping ~*~*~tactically~*~*~ (water).
  2764 | D:4      | 2764 ||| UPGRADING to +0 leather armour.
  2774 | D:4      | 2774 ||| DROPPING +0 robe.
  2775 | D:4      | 2775 ||| UPGRADING to +0 ring mail.
  2785 | D:4      | 2785 ||| DROPPING +0 leather armour.
  2786 | D:4      | 2786 ||| READING scroll labelled TUASECR TYTE.
  2817 | Sewer    | Entered a sewer
  2844 | Sewer    | Noticed a water moccasin
  2861 | Sewer    | Killed a water moccasin
  2862 | Sewer    | Reached XP level 7. HP: 31/42 MP: 8/8
  2964 | Sewer    | 2964 ||| READING scroll labelled EGHOADOTOT.
  2965 | Sewer    | 2965 ||| DRINKING 2 fuming sapphire potions.
  2966 | Sewer    | 2966 ||| DRINKING 3 fuming grey potions.
  2967 | Sewer    | 2967 ||| DROPPING potion of magic.
  2984 | D:4      | 2984 ||| PLANNING TEMPLE
  3043 | Temple   | Entered the Ecumenical Temple
  3208 | Temple   | 3208 ||| PLANNING D:1-11
  3273 | D:4      | Found a broken altar of Ashenzari.
  3277 | D:4      | Saw a vision of the Shoals and the Snake Pit.
  3277 | D:4      | Noticed a manticore
  3277 | D:4      | Noticed a snapping turtle
  3277 | D:4      | Noticed a mana viper
  3277 | D:4      | Noticed a black mamba
  3277 | D:4      | Noticed a sea snake
  3277 | D:4      | Noticed a merfolk aquamancer
  3277 | D:4      | Noticed a mana viper
  3277 | D:4      | Noticed a black mamba
  3278 | D:4      | Noticed a merfolk impaler
  3280 | D:4      | Noticed a black mamba
  3283 | D:4      | Noticed a salamander
  3395 | D:5      | Entered Level 5 of the Dungeon
  3532 | D:5      | Reached skill level 7 in Ranged Weapons
  3568 | D:5      | Reached XP level 8. HP: 48/48 MP: 9/9
  3597 | D:5      | Found a blossoming altar of Fedhas.
  3639 | D:5      | Reached skill level 8 in Ranged Weapons
  3654 | D:5      | Found a hide-covered altar of Uskayaw.
  3693 | D:5      | Noticed Blork the orc
  3707 | D:5      | Killed Blork the orc
  3825 | D:5      | Found a sacrificial altar of Ru.
  4033 | D:5      | 4033 ||| UPGRADING to +0 robe of fire resistance.
  4043 | D:5      | 4043 ||| DROPPING amulet of guardian spirit.
  4044 | D:5      | 4044 ||| READING scroll labelled LEROID ERIUKK.
  4045 | D:5      | 4045 ||| READING scroll labelled TIACIU BIMU.
  4049 | D:5      | 4049 ||| DRINKING 3 orange potions.
  4157 | D:6      | Reached skill level 9 in Ranged Weapons
  4162 | D:6      | HP: 9/49 [wight/+5 flail (9)]
  4163 | D:6      | 4163 ||| DRINKING 2 potions of heal wounds.
  4317 | D:6      | 4317 ||| DRINKING 2 potions of curing.
  4317 | D:6      | 4317 ||| (to cure confusion)
  4323 | D:6      | 4323 ||| DRINKING potion of curing.
  4323 | D:6      | 4323 ||| (to cure confusion)
  4334 | D:6      | Reached skill level 6 in Fighting
  4367 | D:6      | 4367 ||| SWAPPING to +0 orcbow.
  4368 | D:6      | 4368 ||| DROPPING +1 sling of electrocution.
  4393 | D:6      | Reached XP level 9. HP: 49/56 MP: 10/10
  4400 | D:6      | 4400 ||| FLEEEEING.
  4401 | D:6      | 4401 ||| FLEEEEING.
  4402 | D:6      | 4402 ||| FLEEEEING.
  4403 | D:6      | 4403 ||| FLEEEEING.
  4404 | D:6      | 4404 ||| FLEEEEING.
  4405 | D:6      | 4405 ||| FLEEEEING.
  4406 | D:6      | 4406 ||| FLEEEEING.
  4407 | D:6      | 4407 ||| FLEEEEING.
  4408 | D:6      | 4408 ||| FLEEEEING.
  4409 | D:6      | 4409 ||| FLEEEEING.
  4410 | D:6      | 4410 ||| FLEEEEING.
  4411 | D:6      | 4411 ||| FLEEEEING.
  4412 | D:6      | 4412 ||| STAIRDANCE
  4461 | D:5      | 4461 ||| UPGRADING to +0 pair of gloves.
  4466 | D:5      | 4466 ||| READING 2 scrolls of identify.
  4466 | D:5      | 4466 ||| IDENTIFYING white potion
  4470 | D:6      | 4470 ||| STAIRDANCE
  4479 | D:5      | Slain by an ogre

Levels and vault maps discovered:
D:1:      minmay_arrival_glassed_features, layout_basic, minmay_misc_feat_alley,
          skrybe_limestone_x
D:2:      wander_river, layout_rooms, shapermc_ecumenical_altar_gd,
          serial_rivers, chequers_serial_rivers_micro_e,
          chequers_serial_rivers_micro_a, chequers_serial_rivers_large_a,
          chequers_serial_rivers_small_a, chequers_serial_rivers_marsh,
          chequers_serial_rivers_small_3
D:3:      layout_loops_ring, serial_shops, shop
D:4:      layout_cave_pools, nicolae_qazlal_beasts_of_the_sky,
          grunt_ashenzari_visionary [grunt_ashenzari_visionary_shoals,
          grunt_ashenzari_visionary_snake], minmay_temple_entry_overgrown,
          portal_sewer_entry_e, kennysheep_generic_room_15
D:5:      layout_basic, fedhas_altar_fruit_tree, lemuel_round_altar,
          marbit_many_paths, uniq_blork_the_orc
D:6:      layout_rooms, kennysheep_mini, mainiacjoe_overflow_alcove_1,
          kennysheep_generic_room_8, uniq_prince_ribbit1
Temple:   nicolae_temple_bog_church

Skill      XL: |  1  2  3  4  5  6  7  8 |
---------------+-------------------------+-----
Ranged Weapons | 3 4 5 6 7 9 |  9.6
Fighting       | 2 3 4 6 |  6.4
Armour         | 2 |  2.5
Dodging        | 2 |  2.1
Spellcasting   | |  1.0
Hexes          | |  2.6

Action                     |  1- 3 |  4- 6 |  7- 9 || total
---------------------------+-------+-------+-------++-------
   Fire: Sling             |    88 |   261 |   206 ||   555
         Orcbow            |       |       |    25 ||    25
    Use: Scroll            |     7 |     1 |     4 ||    12
         Potion            |       |       |     6 ||     6
 Armour: Robe              |    11 |    59 |    39 ||   109
         Ring mail         |       |     4 |    33 ||    37
  Dodge: Dodged            |    35 |   133 |    97 ||   265
  Block: Other             |       |    51 |    42 ||    93
         Reflection        |       |     2 |     1 ||     3

Table legend:
 A = Non-vault XP
 B = Vault XP
 C = Vault XP percentage of total XP
 D = Non-vault monster count
 E = Vault monster count
 F = Vault count percentage of total count
                 A         B        C        D         E       F
            +---------+---------+-------+---------+---------+-------
      Total |    2081 |     532 |  20.4 |     108 |      14 |  11.5
            +---------+---------+-------+---------+---------+-------
        D:1 |      34 |       0 |   0.0 |      18 |       0 |   0.0
        D:2 |      32 |       0 |   0.0 |      14 |       0 |   0.0
        D:3 |      90 |       0 |   0.0 |      25 |       0 |   0.0
        D:4 |     392 |     181 |  31.6 |      22 |      11 |  33.3
        D:5 |     652 |     204 |  23.8 |      14 |       2 |  12.5
        D:6 |     881 |       0 |   0.0 |      15 |       0 |   0.0
      Sewer |       0 |     147 | 100.0 |       0 |       1 | 100.0
            +---------+---------+-------+---------+---------+-------
